 Dungeon Crawl Stone Soup version 0.30-a0-339-g89bb51ec76 (webtiles) character file.

Game seed: 15477479819793046303

718 lunkers the Geomancer (level 8, 0/57 HPs)
             Began as a Meteoran Earth Elementalist on Oct 31, 2022.
             Slain by a gnoll
             ... wielding a +0 spear
             ... led by a gnoll sergeant
              (5 damage)
             ... on level 5 of the Dungeon.
             The game lasted 00:06:12 (1299 turns).

lunkers the Geomancer (Meteoran Earth Elementalist) Turns: 1299, Time: 00:06:13

Health: 0/57       AC:  2    Str:  9    XL:     8   Next: 21%
Magic:  11/18      EV: 12    Int: 18    God:
Gold:   90         SH:  0    Dex: 16    Spells: 13/19 levels left

rFire   . . .      SeeInvis .    n - +0 whip (elec)
rCold   . . .      Faith    .    (no shield)
rNeg    + . .      Spirit   .    a - +0 robe
rPois   .          Reflect  .    (no helmet)
rElec   .          Harm     .    (no cloak)
rCorr   .          Rampage  .    (no gloves)
Will    +....                    (no boots)
Stlth   +.........               (no amulet)
HPRegen 0.29/turn                o - ring of positive energy
MPRegen 0.16/turn                (no ring)

@: glowing
A: sense surroundings 1, otherworldly, glowing, explore regen
a: no special abilities


You were on level 5 of the Dungeon.
You visited 1 branch of the dungeon, and saw 5 of its levels.

You collected 90 gold pieces.

Inventory:

Hand Weapons
 i - a +0 vampiric dagger
 n - a +0 whip of electrocution (weapon)
Missiles
 p - 2 curare-tipped darts
Armour
 a - a +0 robe (worn)
Jewellery
 o - a ring of positive energy (left hand)
Wands
 q - a wand of digging (3)
 t - a wand of charming (11)
Scrolls
 f - 2 scrolls of blinking {unknown}
 g - a scroll of teleportation {unknown}
 j - a scroll of enchant weapon {unknown}
 k - a scroll of silence {unknown}
 m - a scroll of immolation {unknown}
 r - 2 scrolls of vulnerability {unknown}
 u - a scroll of acquirement {unknown}
Potions
 b - a potion of magic
 c - 4 potions of curing {unknown}
 d - a potion of heal wounds {unknown}
 e - 2 potions of mutation {unknown}
 h - a potion of might {unknown}
 l - a potion of cancellation {unknown}
 s - a potion of resistance {unknown}


   Skills:
 - Level 2.4 Dodging
 - Level 1.4 Stealth
 + Level 6.1 Spellcasting
 + Level 1.8 Conjurations
 - Level 1.2 Transmutations
 * Level 8.7 Earth Magic


You had 13 spell levels left.
You knew the following spells:

 Your Spells              Type           Power      Damage    Failure   Level
a - Sandblast             Erth           72%        2d16      1%          1
b - Passwall              Tmut/Erth      19%        N/A       2%          2
c - Stone Arrow           Conj/Erth      48%        3d10      4%          3

Your spell library contained the following spells:

 Spells                   Type           Power      Damage    Failure   Level
 Slow                     Hex            20%        N/A       12%         1
 Petrify                  Tmut/Erth      23%        N/A       16%         4
 Cigotuvi's Dreadful Rot  Necr/Pois/Air  10%        N/A       19%         2
 Confusing Touch          Hex            5%         N/A       34%         3
 Vampiric Draining        Necr           5%         2d6       34%         3
 Dispel Undead            Necr           5%         3d7       75%         4
 Death Channel            Necr           2%         N/A       100%        6


Dungeon Overview and Level Annotations

Branches:
Dungeon (5/15) Zot: 1641
 Temple: D:4-7

Altars:


Innate Abilities, Weirdness & Mutations

You passively map a small area around you.
You are easily found by Zot.
You glow in the dark.
You regain HP and MP as you explore.


Message History

The blast of sand hits the gnoll!
You kill the gnoll!
The gnoll hits you from afar with a +0 halberd.
The gnoll bouda misses you.
Casting: Sandblast (safe; 1% risk of failure)
Confirm with . or Enter, or press ? or * to list all spells.
The blast of sand hits the gnoll bouda!
The gnoll bouda is heavily wounded.
Your attacks no longer feel as feeble.
The gnoll hits you from afar with a +0 halberd.
The gnoll bouda barely misses you.
The gnoll hits you from afar with a +0 spear.
* * * LOW HITPOINT WARNING * * *
Aiming: Sandblast (safe; 1% risk of failure)
Press: ? - help, Q - select action, (/) - cycle Shift-Dir - straight line, f/p - gnoll bouda
Aim: a gnoll bouda, wielding a +0 whip and wearing a +0 leather armour (heavily wounded, 86% to hit)
The blast of sand hits the gnoll bouda!
The gnoll bouda is almost dead.
The gnoll is no longer moving quickly.
The gnoll completely misses you. The gnoll bouda closely misses you.
The gnoll hits you from afar with a +0 spear!
* * * LOW HITPOINT WARNING * * *
The gnoll barely misses you.
The gnoll bouda hits you with a +0 whip!
* * * LOW HITPOINT WARNING * * *
Aiming: Sandblast (safe; 1% risk of failure)
Press: ? - help, Q - select action, (/) - cycle Shift-Dir - straight line, f/p - gnoll bouda
Aim: a gnoll bouda, wielding a +0 whip and wearing a +0 leather armour (almost dead, 86% to hit)
The blast of sand hits the gnoll bouda!
You kill the gnoll bouda!
The gnoll is no longer moving quickly.
The gnoll closely misses you.
Aiming: Sandblast (safe; 1% risk of failure)
Press: ? - help, Q - select action, (/) - cycle Shift-Dir - straight line, f - gnoll
Aim: a gnoll, wielding a +0 spear (covering ground quickly, 86% to hit)
The blast of sand hits the gnoll.
The gnoll is lightly wounded.
The gnoll hits you from afar with a +0 spear!
* * * LOW HITPOINT WARNING * * *
The gnoll hits you from afar with a +0 spear.
You die...

##########* , , ,
#........., *# ***
#.#########.##. , ###
##.............###..g ,
######....#.#.#####..... ,
*
..........#.#.#####)#.#.###
*
######....#.....@)gg.......
##.......#####g###.###
#.#.##### #... * #.#.#
##### #>#.# ##### #.# ....#
#.# ###.###.# * #.....#,


You could see 3 gnolls.

Vanquished Creatures
  2 phantoms (D:5)
  2 necrophages
  2 scorpions
  2 hounds (D:4)
  A gnoll bouda (D:5)
  12 gnolls
  6 adders
  An ufetubus (D:3)
  3 worms
  2 dart slugs
  An orc (D:3)
  3 endoplasms
  3 giant cockroaches
  5 goblins
  3 hobgoblins
  4 jackals (D:1)
  6 ball pythons
  2 bats (D:1)
  4 frilled lizards
  6 kobolds
  2 rats (D:2)
72 creatures vanquished.

Notes
Turn   | Place    | Note
-------+----------+-------------------------------------------
     0 | D:1      | lunkers the Meteoran Earth Elementalist began the quest for
                  | the Orb.
     0 | D:1      | Reached XP level 1. HP: 14/14 MP: 5/5
    89 | D:1      | Reached XP level 2. HP: 20/20 MP: 6/6
   110 | D:1      | Reached skill level 4 in Earth Magic
   260 | D:1      | Learned a level 2 spell: Passwall
   356 | D:2      | Reached XP level 3. HP: 26/26 MP: 4/8
   555 | D:3      | Reached skill level 5 in Earth Magic
   555 | D:3      | Reached XP level 4. HP: 33/33 MP: 7/10
   744 | D:3      | Noticed a necrophage
   748 | D:3      | Killed a necrophage
   749 | D:3      | Reached XP level 5. HP: 38/38 MP: 6/12
   784 | D:3      | Reached skill level 6 in Earth Magic
   792 | D:3      | Learned a level 3 spell: Stone Arrow
   859 | D:4      | Reached XP level 6. HP: 45/45 MP: 9/13
   943 | D:4      | Reached skill level 7 in Earth Magic
   978 | D:4      | Reached skill level 5 in Spellcasting
   980 | D:4      | Reached XP level 7. HP: 50/50 MP: 12/15
  1162 | D:5      | Entered Level 5 of the Dungeon
  1182 | D:5      | Reached skill level 8 in Earth Magic
  1212 | D:5      | Reached skill level 1 in Conjurations
  1217 | D:5      | Reached XP level 8. HP: 57/57 MP: 14/17
  1299 | D:5      | Slain by a gnoll

Illustrated notes

Levels and vault maps discovered:
D:1:      eino_arrival_cavern_a, layout_basic, minmay_split_cup_small
D:2:      layout_loops_ring
D:3:      layout_basic, minitemple
D:4:      layout_loops_ring, uniq_grinder
D:5:      layout_loops_ring, kennysheep_mini_moat,
          minmay_temple_entry_butterflies, kennysheep_small_square

Skill      XL: |  1  2  3  4  5  6  7  8 |
---------------+-------------------------+-----
Earth Magic    | 4 5 6 7 8 |  8.7
Spellcasting   | 3 4 5 6 |  6.1
Conjurations   | 1 |  1.8
Dodging        | |  2.4
Stealth        | |  1.4
Transmutations | |  1.2

Action                   |  1- 3 |  4- 6 |  7- 9 || total
-------------------------+-------+-------+-------++-------
 Cast: Sandblast         |    38 |    41 |    40 ||   119
Armor: Robe              |     6 |     1 |     2 ||     9
       Skin              |       |     2 |       ||     2
Dodge: Dodged            |    15 |    23 |    20 ||    58

Table legend: (Time is in decaauts)
 A = Elapsed time spent in this place.
 B = Non-inter-level travel time spent in this place.
 C = Inter-level travel time spent in this place.
 D = Time resting spent in this place.
 E = Time spent auto-exploring this place.
 F = Levels seen in this place.
 G = Mean time per level.
                   A        B        C        D        E       F      G
               +--------+--------+--------+--------+--------+-----+--------+
         Total |   1356 |   1289 |     67 |      0 |    855 |   5 |  271.2 |
       Dungeon |   1356 |   1289 |     67 |      0 |    855 |   5 |  271.2 |
               +--------+--------+--------+--------+--------+-----+--------+

Top non-repeatable levels by time:
     D:1: 367 daAuts
     D:4: 324 daAuts
     D:3: 290 daAuts
     D:2: 224 daAuts
     D:5: 150 daAuts
